 Dungeon Crawl Stone Soup version 0.27-a0-1291-geefcff550b (webtiles) character file.

Game seed: 15152012592197793250

482 trckry the Shooter (level 6, -2/36 HPs)
             Began as a Deep Elf Arcane Marksman on June 13, 2021.
             Slain by a quokka (5 damage)
             ... on level 5 of the Dungeon on June 16, 2021.
             The game lasted 00:19:17 (5528 turns).

trckry the Shooter (Deep Elf Arcane Marksman)       Turns: 5528, Time: 00:19:17

Health: -2/36      AC:  2    Str:  9    XL:     6   Next: 87%
Magic:  12/12      EV: 12    Int: 18    God:
Gold:   65         SH:  0    Dex: 15    Spells: 1/11 levels left

rFire    . . .     SeeInvis .   a - +0 shortbow
rCold    . . .     Faith    .   (shield currently unavailable)
rNeg     . . .     Spirit   .   e - +0 robe
rPois    .         Reflect  .   (no helmet)
rElec    .         Harm     .   (no cloak)
rCorr    +         Rampage  .   (no gloves)
Will     .....                  (no boots)
Stlth    +.........             (no amulet)
HPRegen  0.12/turn              i - ring of resist corrosion
MPRegen  0.13/turn              q - ring of wizardry

@: no status effects
A: no striking features
a: no special abilities


You were on level 5 of the Dungeon.
You visited 1 branch of the dungeon, and saw 5 of its levels.

You collected 210 gold pieces.
You spent 145 gold pieces at shops.

Inventory:

Hand Weapons
 a - a +0 shortbow (weapon)
 b - a +2 flail of pain
 s - a +0 rapier
Missiles
 c - 23 poisoned darts
 d - 2 arrows (quivered ammo)
Armour
 e - a +0 robe (worn)
 m - a +0 helmet
Jewellery
 i - a ring of resist corrosion (left hand)
 q - a ring of wizardry (right hand)
Scrolls
 h - a scroll of enchant weapon {unknown}
 j - a scroll of magic mapping {unknown}
 k - 3 scrolls of teleportation
 l - a scroll of amnesia {unknown}
 n - 2 scrolls of enchant armour {unknown}
 o - a scroll of fear {unknown}
 p - a scroll of silence {unknown}
 r - 2 scrolls of identify
 u - 5 scrolls of fog
 w - a scroll of blinking
Potions
 f - 2 potions of berserk rage {unknown}
 g - a potion of flight {unknown}
 t - a potion of resistance
 v - 2 potions of lignification {unknown}


   Skills:
 + Level 2.8 Fighting
 * Level 6.4 Bows
 - Level 2.4 Dodging
 + Level 3.1 Spellcasting
 * Level 6.4 Hexes


You had one spell level left.
You knew the following spells:

 Your Spells              Type           Power      Damage    Failure   Level
a - Corona                Hex            28%        N/A       1%          1
b - Slow                  Hex            26%        N/A       1%          2
c - Cause Fear            Hex            13%        N/A       4%          4
d - Portal Projectile     Hex/Tloc       28%        N/A       5%          3

Your spell library contained the following spells:

 Spells                   Type           Power      Damage    Failure   Level
 Shock                    Conj/Air       8%         1d3       6%          1
 Summon Small Mammal      Summ           8%         N/A       6%          1
 Inner Flame              Hex/Fire       14%        N/A       5%          3
 Summon Guardian Golem    Hex/Summ       14%        N/A       5%          3
 Call Imp                 Summ           2%         N/A       10%         2
 Static Discharge         Conj/Air       2%         N/A       10%         2
 Leda's Liquefaction      Hex/Erth       7%         N/A       16%         4
 Call Canine Familiar     Summ           2%         N/A       19%         3
 Swiftness                Air            2%         N/A       19%         3
 Airstrike                Air            1%         N/A       52%         4
 Summon Ice Beast         Ice/Summ       2%         N/A       52%         4
 Summon Lightning Spire   Summ/Air       2%         N/A       52%         4
 Lightning Bolt           Conj/Air       1%         1d12      85%         5


Dungeon Overview and Level Annotations

Branches:
Dungeon (5/15)
 Temple: D:4-7

Altars:
Gozag
Ru
Uskayaw

Shops:
D:4 ?(=(

Annotations:
D:4 Grinder


Message History

Fire: 7 arrows
Press: ? - help, Q - select action, (/) - cycle Shift-Dir - straight line, f/p - centaur skeleton
Aim: a centaur skeleton (severely damaged, 98% to hit)
You shoot an arrow. The arrow hits the centaur skeleton.
The centaur skeleton is almost destroyed.
The centaur skeleton misses you.
The centaur skeleton kicks you but does no damage.
The quokka closely misses you.
The centaur skeleton closely misses you.
The centaur skeleton kicks you.
* * * LOW HITPOINT WARNING * * *
You take 2 damage, and have 8/36 hp.
Fire: 6 arrows
Press: ? - help, Q - select action, (/) - cycle Shift-Dir - straight line, f/p - centaur skeleton
Aim: a centaur skeleton (almost destroyed, 98% to hit)
You shoot an arrow. The arrow hits the centaur skeleton!
You destroy the centaur skeleton!
The quokka bites you.
* * * LOW HITPOINT WARNING * * *
You take 1 damage, and have 7/36 hp.
Fire: 5 arrows
Press: ? - help, Q - select action, (/) - cycle Shift-Dir - straight line, f - quokka
Aim: a quokka (53% to hit)
You shoot an arrow. The arrow closely misses the quokka.
The quokka bites you.
* * * LOW HITPOINT WARNING * * *
You take 1 damage, and have 6/36 hp.
Fire: 4 arrows
Press: ? - help, Q - select action, (/) - cycle Shift-Dir - straight line, f/p - quokka
Aim: a quokka (53% to hit)
You shoot an arrow. The arrow closely misses the quokka.
The quokka closely misses you. The quokka bites you.
* * * LOW HITPOINT WARNING * * *
You take 3 damage, and have 3/36 hp.
Fire: 3 arrows
Press: ? - help, Q - select action, (/) - cycle Shift-Dir - straight line, f/p - quokka
Aim: a quokka (53% to hit)
You shoot an arrow. The arrow barely misses the quokka.
The quokka bites you.
You die...

#.....?......#.
##....((......(.
..........[...#
#....(......=#
.#.....(..>...
......)(....
.......(..#
.......)r.#
##....@..# #
#.......# .
#.......# .
#.......# .
######### . . .
.


You could see a quokka.

Vanquished Creatures
  Edmund (D:3)
  A phantom (D:4)
  2 hounds
  A centaur skeleton (D:5)
  Jessica (D:2)
  Robin (D:2)
  3 gnolls (D:3)
  A howler monkey skeleton (D:4)
  4 adders
  3 worms
  A dart slug (D:4)
  An orc (D:5)
  5 endoplasms
  3 giant cockroaches
  14 goblins
  7 hobgoblins
  12 jackals
  2 quokkas (D:2)
  4 ball pythons
  5 bats
  4 frilled lizards
  11 kobolds
  3 rats
90 creatures vanquished.

Notes
Turn   | Place    | Note
-------+----------+-------------------------------------------
     0 | D:1      | trckry the Deep Elf Arcane Marksman began the quest for the
                  | Orb.
     0 | D:1      | Reached XP level 1. HP: 11/11 MP: 5/5
     0 | D:1      | Upgraded the game from 0.27-a0-1281-ge233d83751 to
                  | 0.27-a0-1291-geefcff550b
   353 | D:1      | Reached skill level 1 in Fighting
   354 | D:1      | Reached XP level 2. HP: 3/16 MP: 6/6
  1318 | D:2      | Learned a level 2 spell: Slow
  1322 | D:2      | Noticed Jessica
  1330 | D:2      | Killed Jessica
  1331 | D:2      | Reached XP level 3. HP: 14/20 MP: 3/7
  1539 | D:2      | Reached skill level 5 in Hexes
  1832 | D:2      | Noticed Robin
  1843 | D:2      | HP: 3/20 [goblin[Robin] (1)]
  2259 | D:2      | Reached XP level 4. HP: 13/25 MP: 8/8
  2421 | D:2      | Killed Robin
  2720 | D:2      | Reached skill level 5 in Bows
  3521 | D:3      | Reached XP level 5. HP: 30/30 MP: 6/9
  3733 | D:3      | Found a sacrificial altar of Ru.
  4074 | D:3      | Found a faded altar of an unknown god.
  4321 | D:3      | Found an opulent altar of Gozag.
  4520 | D:4      | Noticed Edmund
  4613 | D:3      | Killed Edmund
  4614 | D:3      | Reached XP level 6. HP: 29/36 MP: 6/11
  4869 | D:4      | Found Doimell's Weapon Boutique.
  5136 | D:4      | Found Myrrose's Jewellery Shop.
  5142 | D:4      | Found Cyoci's Magic Scroll Emporium.
  5155 | D:4      | Bought a scroll of blinking for 75 gold pieces
  5155 | D:4      | Bought a scroll of fog for 20 gold pieces
  5155 | D:4      | Bought a scroll of teleportation for 30 gold pieces
  5155 | D:4      | Bought a scroll of identify for 20 gold pieces
  5211 | D:4      | Found Ahymaipn's Weapon Emporium.
  5243 | D:4      | Noticed Grinder
  5298 | D:4      | Found a hide-covered altar of Uskayaw.
  5445 | D:4      | Learned a level 4 spell: Cause Fear
  5449 | D:4      | Learned a level 3 spell: Portal Projectile
  5450 | D:5      | Entered Level 5 of the Dungeon
  5527 | D:5      | HP: 3/36 [quokka (3)]
  5528 | D:5      | Slain by a quokka

Illustrated notes

Levels and vault maps discovered:
D:1:      mrwooster_arrival_statue, layout_basic, amethyst_killhole
D:2:      layout_basic, minmay_box_of_dots, uniq_robin, uniq_jessica
D:3:      layout_basic, grunt_gozag_statues,
          nicolae_ru_great_annihilating_truth, ebering_ecumenical_altar_box
D:4:      layout_rooms, kennysheep_little_box, serial_shops, shop,
          shop_fountains, shop, shop_fountains, uniq_edmund, uniq_grinder
D:5:      layout_rooms, grunt_dithmenos_smoke_and_mirrors, xom_teletrap_fun,
          uniq_duvessa

Skill      XL: |  1  2  3  4  5  6 |
---------------+-------------------+-----
Bows           | 3 4 5 6 |  6.4
Fighting       | 1 2 |  2.8
Hexes          | 5 6 |  6.4
Spellcasting   | 2 3 |  3.1
Dodging        | |  2.4

Action                   |  1- 3 |  4- 6 || total
-------------------------+-------+-------++-------
Melee: Spear             |    21 |       ||    21
       Rapier            |    18 |    20 ||    38
       Flail             |       |     6 ||     6
 Fire: Shortbow          |    64 |   209 ||   273
Throw: Dart              |     2 |     5 ||     7
 Cast: Slow              |     1 |    13 ||    14
       Corona            |     1 |       ||     1
 Stab: Sleeping          |     4 |       ||     4
Armor: Robe              |    17 |    15 ||    32
Dodge: Dodged            |    46 |    59 ||   105

Table legend: (Time is in decaauts)
 A = Elapsed time spent in this place.
 B = Non-inter-level travel time spent in this place.
 C = Inter-level travel time spent in this place.
 D = Time resting spent in this place.
 E = Time spent auto-exploring this place.
 F = Levels seen in this place.
 G = Mean time per level.
                   A        B        C        D        E       F      G
               +--------+--------+--------+--------+--------+-----+--------+
         Total |   5549 |   5359 |    190 |    731 |   3501 |   5 | 1109.8 |
       Dungeon |   5549 |   5359 |    190 |    731 |   3501 |   5 | 1109.8 |
               +--------+--------+--------+--------+--------+-----+--------+

Top non-repeatable levels by time:
     D:1: 1757 daAuts
     D:2: 1731 daAuts
     D:3: 1256 daAuts
     D:4: 739 daAuts
     D:5: 63 daAuts
